 Dungeon Crawl Stone Soup version 0.24-a0-584-g9d6b971ae4 (webtiles) character file.

Game seed: 18132653002255724269, levelgen mode: deterministic

151295 DasRunzen the Peltast (level 17, -5/160 HPs)
             Began as a Minotaur Fighter on Aug 29, 2019.
             Was the Champion of Okawaru.
             Slain by a water elemental (8 damage)
             ... on level 1 of the Shoals on Sept 4, 2019.
             The game lasted 01:17:02 (27254 turns).

DasRunzen the Peltast (Minotaur Fighter)           Turns: 27254, Time: 01:17:02

Health: -5/160     AC: 33    Str: 23    XL:     17   Next: 0%
Magic:  0/19       EV:  6    Int:  7    God:    Okawaru [******]
Gold:   1330       SH: 24    Dex: 15    Spells: 16/16 levels left

rFire    . . .     SeeInvis .   C - +9 staff of Olgreb {rPois}
rCold    . . .     Gourm    .   T - +3 large shield
rNeg     . . .     Faith    .   D - +3 plate armour of Kafecyo {MR+ Int+2}
rPois    ∞         Spirit   +   H - +2 hat
rElec    .         Reflect  .   L - +2 cloak {+Inv}
rCorr    .         Harm     .   (no gloves)
MR       ++...                  b - +2 pair of boots
Stlth    ..........             i - amulet of guardian spirit
HPRegen  0.36/turn              S - +3 ring of slaying
MPRegen  0.16/turn              F - +3 ring of protection

@: no status effects
A: retaliatory headbutt, horns 2
a: Heroism, Finesse, Renounce Religion, Evoke Invisibility


You were on level 1 of the Shoals.
You worshipped Okawaru.
Okawaru was exalted by your worship.
You were not hungry.

You visited 4 branches of the dungeon, and saw 24 of its levels.
You also visited: Gauntlet and Volcano.

You collected 2630 gold pieces.
You spent 1300 gold pieces at shops.

Inventory:

Hand Weapons
 z - the +8 storm bow {elec, penet}
   (You acquired it on level 10 of the Dungeon)

   It charges the ammunition it shoots with electricity; occasionally upon a
   hit, such missiles may discharge and cause terrible harm.
   Ammo fired by it will pass through the targets it hits, potentially hitting
   all targets in its path until it reaches maximum range.
 C - the +9 staff of Olgreb (weapon) {rPois}
   (You found it on level 8 of the Dungeon)

   It protects you from poison.
 K - the +10 fustibalus "Biveenn" {flame, +Fly Str+4}
   (Okawaru gifted it to you on level 13 of the Dungeon)

   It causes projectiles fired from it to burn those they strike, causing extra
   injury to most foes and up to half again as much damage against particularly
   susceptible opponents.
   It affects your strength (+4).
   It lets you fly.
Missiles
 c - 206 sling bullets
Armour
 b - a +2 pair of boots (worn)
 D - the +3 plate armour of Kafecyo (worn) {MR+ Int+2}
   (You found it on level 9 of the Dungeon)

   It affects your intelligence (+2).
   It affects your resistance to hostile enchantments.
 G - a scarf of spirit shield
 H - a +2 hat (worn)
 L - a +2 cloak of invisibility (worn)
 T - a +3 large shield (worn)
Jewellery
 e - an uncursed ring of resist corrosion
 i - an amulet of guardian spirit (around neck)
 j - an uncursed ring of flight {unknown}
 A - an uncursed ring of ice {unknown}
 F - a +3 ring of protection (right hand)
 J - a cursed -2 ring of intelligence {unknown}
 S - a +3 ring of slaying (left hand)
 Z - an uncursed ring of protection from magic
Wands
 l - a wand of acid (11)
 p - a wand of digging (16)
 t - a wand of polymorph (32)
 u - a wand of flame (73)
 v - a wand of enslavement (23)
 y - a wand of paralysis (21)
 E - a wand of disintegration (10)
 I - a wand of iceblast (29)
 Y - a wand of clouds (2)
Scrolls
 a - a scroll of holy word
 g - 18 scrolls of remove curse
 n - 10 scrolls of teleportation
 o - 6 scrolls of identify
 r - 6 scrolls of fog
 s - 6 scrolls of fear
 B - 3 scrolls of magic mapping
 M - 3 scrolls of enchant weapon
 N - a scroll of summoning
 P - a scroll of amnesia
 Q - 2 scrolls of brand weapon
 V - 6 scrolls of blinking
Potions
 d - 10 potions of might
 h - a potion of ambrosia
 m - 9 potions of curing
 q - 4 potions of flight
 O - 4 potions of heal wounds
 R - 2 potions of resistance
 U - a potion of haste
 W - 2 potions of invisibility
 X - a potion of cancellation
Comestibles
 f - 35 rations


   Skills:
 + Level 16.8 Fighting
   Level 11.3 Axes
 + Level 14.2 Staves
 + Level 16.8 Armour
 + Level 16.9 Shields
 + Level 4.3 Invocations


You had 16 spell levels left.
You didn't know any spells.
Your spell library contained the following spells:

 Spells                   Type           Power        Failure   Level  Hunger
 Animate Skeleton         Necr           N/A          100%        1    ##.....
 Confusing Touch          Hex            #.....       100%        1    ##.....
 Corona                   Hex            #......      100%        1    ##.....
 Magic Dart               Conj           #...         100%        1    ##.....
 Pain                     Necr           #...         100%        1    ##.....
 Summon Small Mammal      Summ           #...         100%        1    ##.....
 Call Imp                 Summ           #.......     100%        2    ###....
 Ensorcelled Hibernation  Hex/Ice        #.....       100%        2    ###....
 Searing Ray              Conj           #.....       100%        2    ###....
 Sublimation of Blood     Necr           #.........   100%        2    ###....
 Throw Frost              Conj/Ice       #.....       100%        2    ###....
 Call Canine Familiar     Summ           #.......     100%        3    ####...
 Confuse                  Hex            #.......     100%        3    ####...
 Dazzling Spray           Conj/Hex       #.....       100%        3    ####...
 Gell's Gravitas          Tloc           #.........   100%        3    ####...
 Recall                   Summ/Tloc      N/A          100%        3    ####...
 Stone Arrow              Conj/Erth      #.....       100%        3    ####...
 Summon Guardian Golem    Hex/Summ       #.......     100%        3    ####...
 Tukima's Dance           Hex            #.......     100%        3    ####...
 Animate Dead             Necr           N/A          100%        4    #####..
 Cause Fear               Hex            #.........   100%        4    #####..
 Force Lance              Conj/Tloc      #.......     100%        4    #####..
 Fulminant Prism          Conj/Hex       #.........   100%        4    #####..
 Iskenderun's Mystic Bla  Conj           #.......     100%        4    #####..
 Petrify                  Tmut/Erth      #.......     100%        4    #####..
 Sticky Flame             Conj/Fire      #.......     100%        4    #####..
 Summon Ice Beast         Ice/Summ       #.......     100%        4    #####..
 Summon Lightning Spire   Summ/Air       #.......     100%        4    #####..
 Bolt of Magma            Conj/Fire/Erth #.........   100%        5    ######.
 Borgnjor's Vile Clutch   Necr/Erth      #.........   100%        5    ######.
 Iskenderun's Battlesphe  Conj/Chrm      #.......     100%        5    ######.
 Metabolic Englaciation   Hex/Ice        #.........   100%        5    ######.
 Silence                  Hex/Air        #.........   100%        5    ######.
 Venom Bolt               Conj/Pois      #.........   100%        5    ######.
 Yara's Violent Unravell  Hex/Tmut       #.........   100%        5    ######.
 Death Channel            Necr           #.........   100%        6    #######
 Deflect Missiles         Chrm/Air       #.........   100%        6    #######
 Freezing Cloud           Conj/Ice/Air   #.........   100%        6    #######
 Iron Shot                Conj/Erth      #.........   100%        6    #######
 Ozocubu's Refrigeration  Ice            #.........   100%        6    #######
 Simulacrum               Ice/Necr       #.........   100%        6    #######
 Orb of Destruction       Conj           #.........   100%        7    #######
 Spellforged Servitor     Conj/Summ      #.........   100%        7    #######
 Discord                  Hex            #.........   100%        8    #######


Dungeon Overview and Level Annotations

Branches:
Dungeon (15/15)            Temple (0/1) D:7            Lair (6/6) D:11
 Shoals (1/4) Lair:3       Spider (0/4) Lair:4        Slime (0/5) Lair:6
    Orc (2/2) D:9             Elf (0/3) Orc:2        Vaults (0/5) D:14
 Depths (0/5) D:15        Volcano (visited)         Gauntlet (visited)

Altars:
Cheibriados
Elyvilon
Fedhas
Gozag
Hepliaklqana
Makhleb
Okawaru
Ru
Sif Muna
Trog
Vehumet
Wu Jian
Beogh
Jiyva

Shops:
D:12 ?   D:15 *   Orc:2 ![?[   Shoals:1 ??=

Annotations:
D:8 1 runed translucent door


Innate Abilities, Weirdness & Mutations

You reflexively headbutt those who attack you in melee.
You have a pair of horns on your head.


Message History

You thump the water elemental!
The water elemental is almost destroyed.
* * * LOW HITPOINT WARNING * * *
Your lungs strain for air!
The hippogriff barely misses you. You furiously retaliate!
You headbutt the hippogriff!
You kill the hippogriff!
Okawaru accepts your kill. You block the merfolk's attack.
You block the water elemental's attack. You block the merfolk's attack.
The water elemental hits you.
You slip free of the water engulfing you.
You gasp with relief as air once again reaches your lungs.
The water elemental barely misses you. You furiously retaliate!
You headbutt the water elemental!
You destroy the water elemental!
Okawaru accepts your kill. You block the merfolk's attack.
You block the water elemental's attack.
The merfolk hits you but does no damage.
You block the merfolk's attack. The water elemental hits you!
You die...

≈.≈≈≈≈≈≈≈≈≈≈≈≈≈≈≈≈≈≈≈≈≈≈≈≈≈
..≈≈≈≈≈≈≈≈≈≈≈≈≈≈≈≈≈≈≈≈≈≈≈≈≈
≈≈≈≈≈≈≈≈≈≈≈≈≈≈≈≈≈≈≈≈≈≈≈≈≈≈≈
≈≈≈≈≈≈≈≈≈≈≈.(..≈≈≈≈≈≈≈≈≈≈≈≈
.≈≈≈≈≈)..........≈≈≈≈≈≈≈≈≈≈
.............(....≈≈≈≈≈≈≈≈≈
........m...≈≈≈≈≈≈≈≈≈≈≈≈≈≈≈
≈......!mE.≈#..≈≈....≈≈≈≈≈≈
..........@#..≈≈≈≈≈...≈≈≈≈≈
.≈≈≈......#...≈≈≈≈≈≈...≈≈≈≈
..≈......##..≈≈≈≈≈≈≈≈..≈≈≈≈
≈.........#♣.≈≈≈≈≈≈≈≈≈...≈≈≈
...........#♣.≈≈≈≈≈≈≈≈≈...≈≈≈
....≈......#♣.≈≈≈≈>≈≈≈≈...≈≈≈
......≈.... ♣.≈≈≈≈≈≈≈≈#...≈≈≈
.......####♣.≈≈≈≈≈≈≈≈#..≈≈≈≈
. #.........♣..≈≈≈≈≈≈♣...≈≈≈≈


You could see 2 merfolk and a water elemental.

Vanquished Creatures
  Rupert (D:13)
  Jorgrun (D:15)
  Gastronok (D:10)
  Agnes (D:15)
  Nessos (D:15)
  A minotaur (Gauntlet)
  The ghost of Sokaepla the Severer, a journeyman MiBe of Trog (Orc:1)
  Snorg (Lair:4)
  An ettin (Orc:2)
  2 merfolk impalers (Shoals:1)
  2 fire dragons
  A yaktaur captain (D:15)
  Josephine (D:10)
  An ice dragon (Lair:6)
  6 hydras
  8 vault guards
  A merfolk avatar (Shoals:1)
  A catoblepas (D:14)
  A merfolk aquamancer (Shoals:1)
  5 centaur warriors
  Erica (D:9)
  8 two-headed ogres
  3 death yaks (Lair:6)
  A hell hog (Volcano)
  An orc high priest (Orc:2)
  2 fire crabs
  10 skeletal warriors
  A sea snake (Shoals:1)
  An unseen horror (D:15)
  A flayed ghost (D:9)
  A swamp dragon (Lair:6)
  A lindwurm (Lair:6)
  Pikel (D:4)
  An orc knight (Orc:1)
  2 necromancers
  9 orc sorcerers (Orc:2)
  3 deep elf magi
  6 fauns (Shoals:1)
  4 slime creatures (D:13)
  A cyclops (D:15)
  3 manticores
  5 torpor snails (Lair:6)
  2 water nymphs (Shoals:1)
  5 merfolk sirens (Shoals:1)
  A torpor snail (shapeshifter) (Gauntlet)
  8 spiny frogs
  A gargoyle (D:15)
  2 black mambas
  6 centaur skeletons
  2 minotaur zombies (Gauntlet)
  2 yaktaurs (D:15)
  An efreet (D:14)
  2 kobold demonologists (D:15)
  9 komodo dragons
  2 rime drakes
  A tengu conjurer (D:15)
  2 jumping spiders (Lair:4)
  2 tyrant leeches (Lair:6)
  6 trolls
  2 polar bears
  2 merfolk (Shoals:1)
  A hornet (shapeshifter) (Gauntlet)
  12 hippogriffs
  5 dream sheep (Lair:5)
  8 blink frogs
  A snapping turtle (Shoals:1)
  5 hornets (Lair:6)
  2 shadows
  A redback (Lair:4)
  7 wraiths
  22 yaks
  A water elemental (Shoals:1)
  A wyvern (shapeshifter) (Gauntlet)
  A fire elemental (Lair:5)
  2 basilisks
  A yak (shapeshifter) (D:15)
  2 hungry ghosts
  7 fire bats
  2 wyverns
  5 steam dragons
  3 vampire mosquitoes (D:13)
  8 wargs
  6 soldier ants
  3 hell hounds
  A water moccasin (shapeshifter) (Gauntlet)
  11 water moccasins
  An acid dragon (Lair:6)
  9 porcupines
  4 slaves
  5 ice beasts
  3 black bears
  28 orc warriors
  A swamp drake (Lair:6)
  4 sky beasts
  2 necrophages
  9 ogres
  3 phantoms
  22 centaurs
  2 elephant zombies (Lair:4)
  18 wolves
  16 crocodiles
  3 big kobolds
  16 bullfrogs
  A wyvern zombie (D:13)
  3 scorpions
  34 killer bees
  3 howler monkeys
  7 wights
  3 crimson imps
  10 electric eels
  2 quasits
  3 bullfrog skeletons
  A bullfrog zombie (D:10)
  A basilisk zombie (Lair:4)
  A centaur zombie (D:9)
  21 orc priests
  6 jellies
  53 orc wizards
  5 hounds
  2 gnoll shamans
  Terence (D:2)
  4 iguanas
  5 hell rats (Lair:6)
  18 worker ants
  2 worker ant zombies
  18 adders
  12 gnolls
  4 shadow imps
  2 oozes (D:1)
  An adder zombie (D:8)
  An adder skeleton (D:7)
  2 worms
  2 dart slugs
  2 leopard geckos
  93 orcs
  A ball python (D:7)
  6 giant cockroaches
  5 goblins
  8 hobgoblins
  2 jackals (D:1)
  15 kobolds
  6 quokkas
  17 bats
  5 frilled lizards
  A leopard gecko skeleton (D:4)
  A quokka skeleton (D:6)
  7 rats
  A plant (Lair:6)
824 creatures vanquished.

Vanquished Creatures (others)
  An orc (Orc:2)
  6 fungi
  15 plants
22 creatures vanquished.

Grand Total: 846 creatures vanquished

Notes
Turn   | Place    | Note
-------+----------+-------------------------------------------
     0 | D:1      | DasRunzen the Minotaur Fighter began the quest for the Orb.
     0 | D:1      | Reached XP level 1. HP: 19/19 MP: 0/0
    55 | D:1      | Reached XP level 2. HP: 27/27 MP: 1/1
   570 | D:2      | Reached XP level 3. HP: 33/33 MP: 2/2
   637 | D:2      | Found a snail-covered altar of Cheibriados.
   670 | D:2      | Noticed Terence
   681 | D:2      | Killed Terence
   709 | D:2      | Reached XP level 4. HP: 40/40 MP: 3/3
   803 | D:2      | Found an iron altar of Okawaru.
   820 | D:2      | Became a worshipper of Warmaster Okawaru
  1025 | D:2      | You fall into a shaft and drop 2 floors!
  1095 | D:2      | Found an opulent altar of Gozag.
  1095 | D:2      | Found a radiant altar of Vehumet.
  1096 | D:2      | Found a hazy altar of Hepliaklqana.
  1178 | D:3      | Found a sacrificial altar of Ru.
  1226 | D:3      | Noticed an ogre
  1235 | D:3      | Killed an ogre
  1235 | D:3      | Reached XP level 5. HP: 42/47 MP: 4/4
  1294 | D:3      | Reached skill level 5 in Shields
  1940 | D:4      | Reached skill level 5 in Fighting
  1940 | D:4      | Reached skill level 5 in Armour
  2009 | D:4      | Reached * piety under Okawaru
  2009 | D:4      | Reached XP level 6. HP: 56/56 MP: 5/5
  2068 | D:4      | Noticed a slave
  2068 | D:4      | Noticed a slave
  2075 | D:4      | Noticed a slave
  2085 | D:4      | Noticed a slave
  2088 | D:4      | Killed a slave
  2094 | D:4      | Killed a slave
  2103 | D:4      | Noticed Pikel
  2121 | D:3      | Killed a slave
  2389 | D:4      | Killed a slave
  2433 | D:4      | Killed Pikel
  2433 | D:4      | Reached ** piety under Okawaru
  2433 | D:4      | Reached skill level 5 in Axes
  2433 | D:4      | Reached XP level 7. HP: 41/63 MP: 6/6
  2856 | D:5      | Entered Level 5 of the Dungeon
  3214 | D:5      | Reached XP level 8. HP: 71/71 MP: 7/7
  3575 | D:5      | Found a sacrificial altar of Ru.
  3575 | D:5      | Found a white marble altar of Elyvilon.
  3846 | D:6      | Reached *** piety under Okawaru
  3875 | D:6      | Found a blossoming altar of Fedhas.
  4350 | D:7      | Reached XP level 9. HP: 71/81 MP: 6/8
  4466 | D:7      | Found a staircase to the Ecumenical Temple.
  4564 | D:7      | Found a burning altar of Makhleb.
  4708 | D:7      | Reached **** piety under Okawaru
  5029 | D:8      | Found a runed translucent gate.
  5030 | D:8      | Found a runed translucent door.
  5030 | D:8      | Found a runed translucent gate.
  5035 | D:8      | Found a runed translucent door.
  5037 | D:8      | Found the +9 staff of Olgreb {rPois}
  5072 | D:8      | Found a runed translucent gate.
  5108 | D:8      | Noticed a manticore
  5116 | D:8      | Killed a manticore
  5385 | D:8      | Reached XP level 10. HP: 91/91 MP: 9/9
  5453 | D:8      | Reached ***** piety under Okawaru
  5612 | D:8      | Noticed a two-headed ogre
  5627 | D:8      | Killed a two-headed ogre
  5910 | D:8      | Reached skill level 10 in Armour
  5910 | D:8      | Reached skill level 10 in Shields
  5920 | D:8      | Reached skill level 10 in Fighting
  6175 | D:8      | Received a gift from Okawaru
  6332 | D:7      | Reached skill level 10 in Axes
  6332 | D:7      | HP: 4/93 [poisoned by a killer bee]
  6337 | D:7      | HP: 3/93 [poisoned by a killer bee]
  6342 | D:7      | HP: 2/93 [poisoned by a killer bee]
  6350 | D:7      | HP: 2/93 [poisoned by a killer bee]
  6798 | D:9      | Got an ichor-stained plate armour
  6809 | D:9      | Identified the +3 plate armour of Kafecyo {MR+ Int+2} (You
                  | found it on level 9 of the Dungeon)
  6869 | D:9      | Reached skill level 1 in Staves
  7185 | D:9      | Found a staircase to the Orcish Mines.
  7291 | D:9      | Found a runed translucent door.
  7317 | D:9      | Found a shimmering blue altar of Sif Muna.
  7328 | D:9      | Found an ornate altar of the Wu Jian Council.
  7346 | D:9      | Found an opulent altar of Gozag.
  7357 | D:9      | Found a bloodstained altar of Trog.
  7363 | D:9      | Reached XP level 11. HP: 101/101 MP: 10/10
  7411 | D:9      | Noticed a flayed ghost
  7424 | D:9      | Killed a flayed ghost
  7479 | D:9      | Found an opulent altar of Gozag.
  7505 | D:9      | Found a burning altar of Makhleb.
  7719 | D:9      | Noticed a two-headed ogre
  7731 | D:9      | Killed a two-headed ogre
  7799 | D:10     | Entered Level 10 of the Dungeon
  7862 | D:10     | Noticed Josephine
  7881 | D:10     | Killed Josephine
  8412 | D:10     | Noticed Gastronok
  8458 | D:10     | Killed Gastronok
  8458 | D:10     | Received a gift from Okawaru
  8458 | D:10     | Reached skill level 5 in Staves
  8888 | D:10     | Identified a scroll of acquirement
  8889 | D:10     | Found the +8 storm bow {elec, penet}
  8959 | D:9      | Noticed Erica
  8972 | D:9      | Killed Erica
  9402 | D:11     | You fall into a shaft and drop 3 floors!
  9402 | D:14     | Noticed a catoblepas
  9404 | D:14     | Noticed a centaur warrior
  9424 | D:14     | Killed a catoblepas
  9433 | D:14     | Reached XP level 12. HP: 57/111 MP: 5/11
  9435 | D:14     | Killed a centaur warrior
  9436 | D:14     | Noticed a two-headed ogre
  9443 | D:14     | Killed a two-headed ogre
  9706 | D:13     | Received a gift from Okawaru
  9709 | D:13     | Got a bone fustibalus {god gift}
  9791 | D:13     | Noticed a centaur warrior
  9799 | D:13     | Killed a centaur warrior
  9895 | D:13     | Noticed Rupert
  9908 | D:13     | HP: 4/112 [Rupert/+1 battleaxe of freezing (18)]
  9908 | D:13     | HP: 1/112 [Rupert/+1 battleaxe of freezing (3)]
  9926 | D:13     | Paralysed by Rupert for 5 turns
  9942 | D:13     | HP: 5/112 [Rupert/+1 battleaxe of freezing (1)]
  9945 | D:13     | Killed Rupert
  9952 | D:13     | HP: 5/113 [orc warrior/+0 glaive (3)]
 10278 | D:13     | Received a gift from Okawaru
 10292 | D:13     | Got a brightly glowing quarterstaff {god gift}
 10297 | D:13     | Found the +8 demon trident "Rift" {distort, reach+}
 10318 | D:13     | Noticed a two-headed ogre
 10330 | D:13     | Killed a two-headed ogre
 11214 | D:14     | Noticed a two-headed ogre
 11220 | D:14     | Killed a two-headed ogre
 11250 | D:14     | Reached ****** piety under Okawaru
 11281 | D:14     | Noticed a vault guard
 11283 | D:14     | Noticed a vault guard
 11308 | D:14     | Killed a vault guard
 11324 | D:14     | Noticed a vault guard
 11325 | D:14     | Killed a vault guard
 11325 | D:14     | Reached XP level 13. HP: 76/122 MP: 9/12
 11380 | D:13     | Received a gift from Okawaru
 11795 | D:12     | Found Kaleor's Magic Scroll Shoppe.
 12746 | D:11     | Identified the Volume of Combat Magic
 12812 | D:11     | Found a staircase to the Lair.
 14104 | Lair:1   | Entered Level 1 of the Lair of Beasts
 14196 | Lair:1   | Found a dark tunnel.
 14208 | Volcano  | Entered a volcano
 14260 | Volcano  | Noticed a fire dragon
 14280 | Volcano  | Killed a fire dragon
 14280 | Volcano  | Reached skill level 10 in Staves
 15373 | Lair:2   | Received a gift from Okawaru
 15926 | Lair:3   | Found a staircase to the Shoals.
 15931 | Lair:3   | Received a gift from Okawaru
 16242 | Lair:3   | Reached XP level 14. HP: 129/133 MP: 13/13
 17054 | Lair:4   | Noticed Snorg
 17082 | Lair:4   | Killed Snorg
 17147 | Lair:4   | You fall into a shaft and drop 2 floors!
 17147 | Lair:6   | Entered Level 6 of the Lair of Beasts
 17618 | Lair:4   | Found a hole to the Spider Nest.
 19464 | Lair:6   | Found a viscous altar of Jiyva.
 19476 | Lair:6   | Found a staircase to the Slime Pits.
 19795 | Lair:6   | Received a gift from Okawaru
 19814 | Lair:6   | Reached skill level 15 in Armour
 19814 | Lair:6   | Reached skill level 15 in Shields
 19828 | Lair:6   | Identified the +1 quarterstaff "Ruymal" {venom, rPois
                  | Int+4} (Okawaru gifted it to you on level 13 of the
                  | Dungeon)
 19830 | Lair:6   | Identified the +10 fustibalus "Biveenn" {flame, +Fly Str+4}
                  | (Okawaru gifted it to you on level 13 of the Dungeon)
 19896 | Lair:6   | Reached skill level 15 in Fighting
 20511 | Lair:6   | Found a runed translucent door.
 20827 | Lair:6   | Received a gift from Okawaru
 21611 | Orc:1    | Entered Level 1 of the Orcish Mines
 22046 | Orc:1    | Found a transporter.
 22046 | Orc:1    | Noticed Sokaepla's ghost (journeyman MiBe)
 22106 | Orc:1    | Found a transporter.
 22224 | Orc:1    | Killed Sokaepla's ghost
 22755 | Orc:2    | Entered Level 2 of the Orcish Mines
 23031 | Orc:2    | Found a staircase to the Elven Halls.
 23107 | Orc:2    | Reached XP level 15. HP: 107/141 MP: 10/14
 23220 | Orc:2    | Found Sotish's Armour Boutique.
 23254 | Orc:2    | Found Imyuj's Magic Scroll Shoppe.
 23279 | Orc:2    | Bought a scroll of enchant armour for 105 gold pieces
 23299 | Orc:2    | Found a roughly hewn altar of Beogh.
 23721 | Orc:2    | Found Igeox's Antique Armour Boutique.
 23721 | Orc:2    | Found Edwulucu's Distillery.
 23726 | Orc:2    | Bought a translucent plate armour for 840 gold pieces
 23735 | Orc:2    | Bought a potion of heal wounds for 55 gold pieces
 23735 | Orc:2    | Bought a potion of heal wounds for 55 gold pieces
 23735 | Orc:2    | Bought a potion of heal wounds for 55 gold pieces
 23745 | Orc:2    | Identified the cursed +0 plate armour "Noazotun" {rF+ rC+
                  | Str-3} (You bought it in a shop on level 2 of the Orcish
                  | Mines)
 24283 | D:14     | Found a gate to the Vaults.
 24581 | D:14     | Received a gift from Okawaru
 24588 | D:14     | Got a dazzling hunting sling {god gift}
 24589 | D:14     | Identified the +8 hunting sling of Havoc {venom, MP-9 Str+2
                  | Dex+3} (Okawaru gifted it to you on level 14 of the
                  | Dungeon)
 24922 | D:15     | Entered Level 15 of the Dungeon
 24930 | D:15     | Found Rupiacs's Assorted Antiques.
 24991 | D:15     | Found a gate leading to a gauntlet.
 25010 | Gauntlet | Entered a Gauntlet
 25010 | Gauntlet | Found a transporter.
 25010 | Gauntlet | Found a transporter.
 25013 | Gauntlet | Found a transporter.
 25033 | Gauntlet | Found a transporter.
 25045 | Gauntlet | Found a transporter.
 25051 | Gauntlet | Found a transporter.
 25054 | Gauntlet | Found a transporter.
 25070 | Gauntlet | Found a transporter.
 25095 | Gauntlet | Found a transporter.
 25096 | Gauntlet | Found a transporter.
 25107 | Gauntlet | Found a transporter.
 25108 | Gauntlet | Found a transporter.
 25221 | Gauntlet | Reached XP level 16. HP: 104/152 MP: 12/16
 25249 | Gauntlet | Got a pair of faintly humming gloves
 25255 | Gauntlet | Identified the cursed -5 pair of gloves "Lopp" {rElec rN+
                  | Stlth+} (You found it in a Gauntlet)
 25290 | Gauntlet | Received a gift from Okawaru
 25303 | Gauntlet | Identified Sif Muna's Guide on the Frostbite and Black Arts
 25613 | D:15     | Bought a potion of heal wounds for 190 gold pieces
 25995 | D:15     | Found a blossoming altar of Fedhas.
 26090 | D:15     | Noticed Jorgrun
 26112 | D:15     | Killed Jorgrun
 26133 | D:15     | Found a staircase to the Depths.
 26184 | D:15     | Noticed Agnes
 26200 | D:15     | Killed Agnes
 26323 | D:15     | Noticed Nessos
 26342 | D:15     | Killed Nessos
 26519 | Shoals:1 | Entered Level 1 of the Shoals
 26519 | Shoals:1 | Found Vac Bycs's Magic Scroll Shoppe.
 26755 | Shoals:1 | Found Jema's Magic Scroll Shoppe.
 27068 | Shoals:1 | Found Faqiji's Jewellery Boutique.
 27236 | Shoals:1 | Reached XP level 17. HP: 11/160 MP: 1/19
 27236 | Shoals:1 | HP: 6/160 [drowned by a water elemental (5)]
 27237 | Shoals:1 | HP: 2/160 [merfolk/+0 trident (2)]
 27246 | Shoals:1 | HP: 8/160 [merfolk/+0 trident (8)]
 27251 | Shoals:1 | HP: 4/160 [drowned by a water elemental (2)]
 27254 | Shoals:1 | Slain by a water elemental

Levels and vault maps discovered:
D:1:      dpeg_arrival_houses_and_road, layout_basic
D:2:      layout_basic, nicolae_overflow_crystal_walls,
          gammafunk_temple_overflow_claw, kennysheep_okawaru_gauntlet,
          uniq_terence
D:3:      layout_basic, hangedman_ru_absence
D:4:      layout_basic, first_ration, uniq_pikel
D:5:      layout_basic, nicolae_overflow_hidden_temple, st_stairs_11
D:6:      layout_loops_corners, old_standard_altar,
          chequers_serial_rivers_small_3
D:7:      layout_cave_pods, makhleb_heckhound_becter,
          minmay_temple_entry_statues_fountains, supply_closet_lemuel
D:8:      layout_basic, grunt_pizzeria, minmay_guarded_unrand_staff_of_olgreb
D:9:      due_megacathedral, layout_long_grid, david_orc_4, uniq_erica
D:10:     layout_irregular_city, uniq_josephine, uniq_gastronok
D:11:     layout_basic, grunt_lair_entry_orc_guard_hut
D:12:     layout_basic, serial_shops, shop
D:13:     layout_basic, grunt_ministairs_6, nicolae_straight_to_the_point,
          uniq_rupert
D:14:     layout_roguey, erik_vaults_2, hangedman_decor_growths,
          nicolae_lava_and_water
D:15:     grunt_enter_depths_snipers, layout_basic, gauntlet_entry_generic,
          minmay_misc_feat_x, serial_shops, nicolae_shop_trees, fedhas_altar_1,
          uniq_agnes, uniq_nessos, uniq_jorgrun
Lair:1:   layout_loops_ring, enter_volcano_3
Lair:2:   layout_gridlike, lemuel_fruit_fields, infiniplex_staircase_pool_2
Lair:3:   layout_long_grid, minmay_shoals_entry_centaurs
Lair:4:   pond_and_an_island_with_a_cottage, layout_gridlike,
          spider_nest_entry_a, uniq_snorg
Lair:5:   layout_gridlike
Lair:6:   guppyfry_lair_end_dragon, layout_long_grid, wormcave, slime_altar_1
Shoals:1: cheibrodos_shoals_satyrical_garden, layout_shoals, serial_shops,
          nicolae_shop_temple_entry_statues_fountains,
          minmay_shop_enchanted_jewellery, nicolae_shoals_c_island
Orc:1:    layout_diamond_mine, gammafunk_ghost_arena
Orc:2:    st_orc_town, layout_caves

Skill      XL: |  1  2  3  4  5  6  7  8  9 10 11 12 13 14 15 16 |
---------------+-------------------------------------------------+-----
Shields        | 4 5 6 8 9 10 11 13 14 15 16 | 16.9
Fighting       | 4 5 6 7 9 10 11 13 14 15 16 | 16.8
Armour         | 4 5 6 8 9 10 11 13 14 15 16 | 16.8
Axes           | 3 4 5 6 7 9 10 11 | 11.3
Staves         | 2 5 8 10 12 13 14 | 14.2
Invocations    | 2 4 |  4.3

Action                   |  1- 3 |  4- 6 |  7- 9 | 10-12 | 13-15 | 16-18 || total
-------------------------+-------+-------+-------+-------+-------+-------++-------
Melee: War axe           |    50 |   136 |   241 |   162 |       |       ||   589
       Headbutt          |    10 |    21 |    51 |   185 |   552 |   109 ||   928
       Staff             |       |       |       |   638 |  2041 |   348 ||  3027
Invok: Heroism           |       |       |       |     3 |     3 |       ||     6
Evoke: Staff of Olgreb   |       |       |       |     2 |       |       ||     2
       Wand              |       |       |       |       |     1 |       ||     1
  Use: Scroll            |     7 |     2 |    10 |     5 |    19 |     1 ||    44
       Potion            |       |       |       |     5 |     4 |     1 ||    10
 Stab: Petrifying        |       |       |       |     2 |       |       ||     2
       Petrified         |       |       |       |     1 |       |       ||     1
       Confused          |       |       |       |       |     2 |       ||     2
  Eat: Chunk             |       |     5 |    11 |    17 |    30 |     7 ||    70
       Ration            |       |       |       |     1 |     5 |       ||     6
Armor: Scale mail        |    16 |    56 |    52 |    25 |       |       ||   149
       Plate armour      |       |       |       |   306 |   711 |   146 ||  1163
Dodge: Dodged            |    13 |    37 |    57 |   100 |   176 |    34 ||   417
Block: Shield            |    13 |    77 |    73 |       |       |       ||   163
       Large shield      |       |       |    91 |   740 |  1688 |   284 ||  2803

Table legend:
 A = Non-vault XP
 B = Vault XP
 C = Vault XP percentage of total XP
 D = Non-vault monster count
 E = Vault monster count
 F = Vault count percentage of total count
                 A         B        C        D         E       F
            +---------+---------+-------+---------+---------+-------
      Total |   96746 |   62740 |  39.3 |     605 |     214 |  26.1
            +---------+---------+-------+---------+---------+-------
        D:1 |      39 |       0 |   0.0 |      17 |       0 |   0.0
        D:2 |      39 |      36 |  48.0 |      21 |       1 |   4.5
        D:3 |     192 |       0 |   0.0 |      17 |       0 |   0.0
        D:4 |     377 |     651 |  63.3 |      22 |       1 |   4.3
        D:5 |      82 |      55 |  40.1 |       4 |       3 |  42.9
        D:6 |    1082 |       0 |   0.0 |      20 |       0 |   0.0
        D:7 |    1851 |     107 |   5.5 |      34 |       2 |   5.6
        D:8 |    2283 |    2253 |  49.7 |      25 |      28 |  52.8
        D:9 |    2507 |    3342 |  57.1 |      27 |      23 |  46.0
       D:10 |    1257 |    3979 |  76.0 |      26 |       5 |  16.1
       D:11 |    3369 |     760 |  18.4 |      25 |       6 |  19.4
       D:12 |    5168 |       0 |   0.0 |      22 |       0 |   0.0
       D:13 |    8650 |    4103 |  32.2 |      51 |       4 |   7.3
       D:14 |   13159 |    6881 |  34.3 |      39 |       7 |  15.2
       D:15 |    9235 |    8856 |  49.0 |      26 |       6 |  18.8
     Lair:1 |    5219 |     302 |   5.5 |      25 |       2 |   7.4
     Lair:2 |    3706 |       0 |   0.0 |      19 |       0 |   0.0
     Lair:3 |    4407 |     214 |   4.6 |      16 |       2 |  11.1
     Lair:4 |    2406 |    2860 |  54.3 |      19 |       8 |  29.6
     Lair:5 |    3341 |       0 |   0.0 |      10 |       0 |   0.0
     Lair:6 |    9626 |    9681 |  50.1 |      34 |      29 |  46.0
   Shoals:1 |   11176 |    1864 |  14.3 |      21 |       5 |  19.2
      Orc:1 |    3354 |    1831 |  35.3 |      44 |       5 |  10.2
      Orc:2 |    4221 |    6968 |  62.3 |      41 |      56 |  57.7
    Volcano |       0 |    2736 | 100.0 |       0 |       7 | 100.0
   Gauntlet |       0 |    5261 | 100.0 |       0 |      14 | 100.0
            +---------+---------+-------+---------+---------+-------
